Comets vs Canucks

Created - 11 octobre 2023 at 12:08

Goals
1 2 3 T
Comets 1 0 0 1
Canucks 2 2 0 4
Shots
1 2 3 T
Comets 19 5 3 27
Canucks 11 17 4 32

GoalsPenalties
1st period
1. Canucks , Turner Elson 4 (Gabriel Dumont 4) at 2:54
2. Comets , Ben Jones 1 (Jake Neighbours 6, Calen Addison 7) at 16:21 (SH)
3. Canucks , Gabriel Dumont 4 (Anton Blidh 4, Turner Elson 7) at 16:27 (PP)
Filip Kral (NJD) for Hooking (Minor) at 15:18
John Stevens (VAN) for Hooking (Minor) at 19:39
2nd period
4. Canucks , Anton Blidh 8 (Gabriel Dumont 5, Brogan Rafferty 2) at 7:22 (PP)
5. Canucks , Olle Lycksell 2 (Will Cuylle 3, Dakota Mermis 2) at 12:14
Leon Gawanke (NJD) for Roughing (Minor) at 7:06
Anton Blidh (VAN) for Fighting (Major) at 7:41
Marian Studenic (NJD) for Fighting (Major) at 7:41
3rd period
No Goal
Anton Blidh (VAN) for Hooking (Minor) at 4:59
Goalie Stats
Filip Lindberg (NJD), 28 saves from 32 shots - (0,875), L, 6-8-4, 60:00 minutes
Michael Hutchinson (VAN), 26 saves from 27 shots - (0,963), W, 6-9-2, 60:00 minutes
3 StarsOfficial
1 - Gabriel Dumont (VAN)
2 - Michael Hutchinson (VAN)
3 - Turner Elson (VAN)
Referees : Shauna Neary and Jean Hebert
Linesman : Cassandra Gregory and Travis Gawryletz
Game Note
Filip Kral is injured at 7:10 of 2nd period (Broken Bone (Left Ankle))
Marian Studenic beats up Anton Blidh at 7:41 of 2nd period



Team Name Goals Shots Shots Attemp Shots Blocked PIM HIT PP PK FO%
Comets 12738149130 / 2 (0%)238%
Canucks 4327409152 / 2 (100%)062%

Comets
Player Name POS G A P +/- PIM HIT SHT SB MP PP MP PP SHT PK MP PK SHT FO% FOT GA TA
Adam BeckmanLW0000020018:211:2800:0000% 000
Ben JonesC1010014016:151:1200:12133% 900
Brady LyleD0000010016:071:1301:0800% 101
Brock FaberD0000013125:410:0000:0000% 001
Calen AddisonD0110000529:502:4501:2500% 011
Connor McMichaelC/LW000-2036326:112:1301:13144% 1810
Cooper ZechD000-1000010:290:3100:0000% 000
Fabian LysellRW000002009:370:0000:0000% 000
Filip KralD0000200110:201:2500:0400% 000
Jake NeighboursLW0110012021:032:0300:4800% 200
Juuso ParssinenC000-1024225:272:1900:37038% 1310
Leon GawankeD000-1202122:371:5400:1300% 000
Lukas CormierD000000000:520:0000:0000% 000
Marian StudenicLW/RW0000505020:381:2900:0000% 101
Peter DiLiberatoreD000000007:250:0800:0000% 000
Samuel FagemoLW/RW000-1000020:021:0200:0000% 100
Victor BerglundD000000003:120:0000:0000% 000
Zayde WisdomC0000001114:250:0800:000100% 200
Canucks
Player Name POS G A P +/- PIM HIT SHT SB MP PP MP PP SHT PK MP PK SHT FO% FOT GA TA
Anton BlidhLW/RW1120702016:331:0610:0500% 000
Brenden MillerD000000003:590:0000:0000% 000
Brogan RaffertyD0110012022:230:5602:2000% 100
Connor FordC/LW/RW0000021016:390:0000:08075% 400
Dakota MermisD0110000019:270:2901:3800% 010
Dylan McIlrathD0000022019:260:2911:3800% 000
Gabriel DumontC1230014023:001:0612:08063% 3002
Jake LucchiniLW0000014017:520:0001:3600% 010
John StevensC0001210017:090:1900:11050% 800
Mark PysykD0000012025:090:5602:2000% 000
Max EllisRW000000000:210:0000:0000% 000
Max WillmanLW000000109:120:0000:0000% 000
Olivier GalipeauD0001022015:050:0000:0000% 000
Olle LycksellRW1011001016:350:1900:000100% 100
Paul LaDueD0001011015:330:0000:0000% 000
Turner ElsonLW1120002023:001:0602:080100% 221
Will CuylleLW0111032017:290:1900:5700% 100
Will LockwoodRW0000006017:070:0000:4300% 000

Comets

5 vs 5 Forward
Line #Left WingCenterRight WingPHYDFOFWanted %Time %Time Play
1Jake NeighboursJuuso ParssinenConnor McMichael0233030%16:34
2Juuso ParssinenConnor McMichaelMarian Studenic0232825%13:41
3Adam BeckmanJuuso ParssinenSamuel Fagemo0232828%15:14
4Zayde WisdomConnor McMichaelJuuso Parssinen0231417%9:08
5 vs 5 Defense
Line #DefenseDefensePHYDFOFWanted %Time %Time Play
1Brock FaberCalen Addison0324025%13:28
2Calen AddisonFilip Kral0323039%21:14
3Calen AddisonBrock Faber0323013%7:19
4Filip KralLeon Gawanke122023%12:36
Power Play Forward
Line #Left WingCenterRight WingPHYDFOFWanted %Time %Time Play
1Juuso ParssinenConnor McMichaelJake Neighbours0145049%1:56
2Jake NeighboursConnor McMichaelJuuso Parssinen0145051%2:02
Power Play Defense
Line #DefenseDefensePHYDFOFWanted %Time %Time Play
1Filip KralCalen Addison0235053%2:05
2Calen AddisonFilip Kral0235047%1:53
Penalty Kill 4 Players Forward
Line #CenterWingPHYDFOFWanted %Time %Time Play
1Connor McMichaelJuuso Parssinen0415044%0:37
2Connor McMichaelJake Neighbours0415056%0:48
Penalty Kill 4 Players Defense
Line #DefenseDefensePHYDFOFWanted %Time %Time Play
1Filip KralCalen Addison0415034%0:29
2Calen AddisonFilip Kral0415066%0:56
Penalty Kill 3 Players
Line #WingPHYDFOFWanted %Time %Time PlayDefenseDefensePHYDFOFWanted %Time %Time Play
1Connor McMichael041500%0:00 Filip KralCalen Addison041500%0:00
2Connor McMichael041500%0:00 Calen AddisonFilip Kral041500%0:00
4 vs 4 Forward
Line #CenterWingPHYDFOFWanted %Time %Time Play
1Connor McMichaelJuuso Parssinen023500%0:00
2Connor McMichaelJuuso Parssinen023500%0:00
4 vs 4 Defense
Line #DefensePHYDFOFWanted %Time %Time Play
1Filip KralCalen Addison023500%0:00
2Calen AddisonFilip Kral023500%0:00
Last Minutes Offensive
Left WingCenterRight WingDefenseDefense
Jake NeighboursJuuso ParssinenConnor McMichaelBrock FaberCalen Addison
Last Minutes Defensive
Left WingCenterRight WingDefenseDefense
Jake NeighboursJuuso ParssinenConnor McMichaelBrock FaberCalen Addison
Time
Total ForwardTotal DefenseLast Minutes OffensiveLast Minutes Defensive
60:00 60:00 0:000:00
Extra Forwards
Normal PowerPlayPenalty Kill
Connor McMichael, Marian Studenic, Samuel FagemoAdam Beckman, Connor McMichaelConnor McMichael
Extra Defensemen
Normal PowerPlayPenalty Kill
Filip Kral, Calen Addison, Brock FaberFilip Kral, Calen AddisonFilip Kral
Penalty Shots
Marian Studenic, Adam Beckman, Samuel Fagemo, Connor McMichael, Juuso Parssinen
Goalie
Filip Lindberg, Trent Miner
Scratches
Otto Koivula (Sprained Left Finger Injury), Riley Sutter (Healthy), Tyler Tucker (Broken Left Thumb Injury), Adam Raska (Healthy), Samuel Helenius (Healthy) Justin Sourdif (Healthy), Kim Nousiainen (Healthy), Rory Kerins (Healthy)

Canucks

5 vs 5 Forward
Line #Left WingCenterRight WingPHYDFOFWanted %Time %Time Play
1Turner ElsonGabriel DumontAnton Blidh1224031%16:46
2Will CuylleJohn StevensOlle Lycksell1223030%16:16
3Jake LucchiniConnor FordWill Lockwood1222029%15:59
4Max WillmanGabriel DumontTurner Elson1221010%5:36
5 vs 5 Defense
Line #DefenseDefensePHYDFOFWanted %Time %Time Play
1Mark PysykBrogan Rafferty1224034%18:37
2Dylan McIlrathDakota Mermis1223032%17:20
3Paul LaDueOlivier Galipeau1222027%14:41
4Brenden MillerMark Pysyk122107%3:59
Power Play Forward
Line #Left WingCenterRight WingPHYDFOFWanted %Time %Time Play
1Turner ElsonGabriel DumontAnton Blidh1226078%1:06
2Will CuylleJohn StevensOlle Lycksell1224022%0:19
Power Play Defense
Line #DefenseDefensePHYDFOFWanted %Time %Time Play
1Mark PysykBrogan Rafferty1226066%0:56
2Dylan McIlrathDakota Mermis1224034%0:29
Penalty Kill 4 Players Forward
Line #CenterWingPHYDFOFWanted %Time %Time Play
1Gabriel DumontTurner Elson1226080%3:10
2Will CuylleJake Lucchini1224020%0:48
Penalty Kill 4 Players Defense
Line #DefenseDefensePHYDFOFWanted %Time %Time Play
1Mark PysykBrogan Rafferty1226059%2:20
2Dylan McIlrathDakota Mermis1224041%1:38
Penalty Kill 3 Players
Line #WingPHYDFOFWanted %Time %Time PlayDefenseDefensePHYDFOFWanted %Time %Time Play
1Gabriel Dumont122600%0:00 Mark PysykBrogan Rafferty122600%0:00
2Turner Elson122400%0:00 Dylan McIlrathDakota Mermis122400%0:00
4 vs 4 Forward
Line #CenterWingPHYDFOFWanted %Time %Time Play
1Gabriel DumontTurner Elson122600%0:00
2Will CuylleJake Lucchini122400%0:00
4 vs 4 Defense
Line #DefensePHYDFOFWanted %Time %Time Play
1Mark PysykBrogan Rafferty122600%0:00
2Dylan McIlrathDakota Mermis122400%0:00
Last Minutes Offensive
Left WingCenterRight WingDefenseDefense
Turner ElsonGabriel DumontAnton BlidhMark PysykBrogan Rafferty
Last Minutes Defensive
Left WingCenterRight WingDefenseDefense
Turner ElsonGabriel DumontAnton BlidhMark PysykBrogan Rafferty
Time
Total ForwardTotal DefenseLast Minutes OffensiveLast Minutes Defensive
60:00 60:00 0:000:00
Extra Forwards
Normal PowerPlayPenalty Kill
Gabriel Dumont, Max Willman, Will LockwoodTurner Elson, Max WillmanWill Lockwood
Extra Defensemen
Normal PowerPlayPenalty Kill
Paul LaDue, Olivier Galipeau, Brenden MillerPaul LaDue, Olivier GalipeauBrenden Miller
Penalty Shots
Gabriel Dumont, Turner Elson, Will Cuylle, Jake Lucchini, Anton Blidh
Goalie
Michael Hutchinson, Calvin Pickard
Scratches
Brayden Burke (Healthy), Brett Gallant (Healthy), Adam Cracknell (Broken Left Thumb Injury), Travis Barron (Healthy), Carson Gicewicz (Healthy) Dawson Barteaux (Healthy), Olivier LeBlanc (Healthy), Danny DeKeyser (Broken Left Index Finger Injury), Chris Wagner (Left Foot Injury), Oliver Chau (Healthy) Oliver Cooper (Healthy), Zane McIntyre (Healthy), Cale Morris (Healthy), Tyler Parks (Healthy)


Play-by-Play

1st period


0:01 of 1st period - Juuso Parssinen wins face-off versus Gabriel Dumont in neutral zone.
0:11 of 1st period - Wrist shot by Jake Neighbours.
0:11 of 1st period - Deflect By Brogan Rafferty.
0:11 of 1st period - Stopped by Michael Hutchinson with a rebound.
0:13 of 1st period - Slapshot by Brock Faber.
0:13 of 1st period - Stopped by Michael Hutchinson with a rebound.
0:15 of 1st period - Snap shot by Jake Neighbours.
0:15 of 1st period - Stopped by Michael Hutchinson with a rebound.
0:25 of 1st period - Calen Addison is hit by Brogan Rafferty and loses puck.
1:14 of 1st period - Adam Beckman is hit by Dylan McIlrath and loses puck.
2:50 of 1st period - Icing by Jake Neighbours.
2:51 of 1st period - Gabriel Dumont wins face-off versus Ben Jones in Comets zone.
2:52 of 1st period - Wrist shot by Turner Elson.
2:52 of 1st period - Shot Misses the Net.
2:54 of 1st period - Wrist shot by Turner Elson.
2:54 of 1st period - Goal by Turner Elson - Comets : 0 - Canucks : 1.
2:55 of 1st period - Gabriel Dumont wins face-off versus Connor McMichael in neutral zone.
3:39 of 1st period - Snap shot by Turner Elson.
3:39 of 1st period - Shot Misses the Net.
4:17 of 1st period - Snap shot by Connor McMichael.
4:17 of 1st period - Stopped by Michael Hutchinson with a rebound.
4:24 of 1st period - Icing by Mark Pysyk.
4:25 of 1st period - Ben Jones wins face-off versus Connor Ford in Canucks zone.
4:46 of 1st period - Wrist shot by Jake Lucchini.
4:46 of 1st period - Shot Misses the Net.
5:12 of 1st period - Wrist shot by Jake Lucchini.
5:12 of 1st period - Shot Misses the Net.
5:14 of 1st period - Wrist shot by Connor Ford.
5:14 of 1st period - Shot Blocked by Calen Addison.
5:16 of 1st period - Slapshot by Brogan Rafferty.
5:16 of 1st period - Deflect By Jake Lucchini.
5:16 of 1st period - Stopped by Filip Lindberg with a rebound.
5:20 of 1st period - Snap shot by Jake Lucchini.
5:20 of 1st period - Shot Misses the Net.
5:28 of 1st period - Wrist shot by Will Lockwood.
5:28 of 1st period - Deflect By Connor Ford.
5:28 of 1st period - Stopped by Filip Lindberg with a rebound.
5:30 of 1st period - Snap shot by Will Lockwood.
5:30 of 1st period - Shot Misses the Net.
6:32 of 1st period - Wrist shot by Jake Lucchini.
6:32 of 1st period - Stopped by Filip Lindberg with a rebound.
6:34 of 1st period - Snap shot by Will Lockwood.
6:34 of 1st period - Deflect By Connor McMichael.
6:34 of 1st period - Stopped by Filip Lindberg with a rebound.
6:36 of 1st period - Slapshot by Brogan Rafferty.
6:36 of 1st period - Stopped by Filip Lindberg with a rebound.
6:38 of 1st period - Snap shot by Will Lockwood.
6:38 of 1st period - Shot Misses the Net.
6:40 of 1st period - Slapshot by Brogan Rafferty.
6:40 of 1st period - Shot Misses the Net.
6:42 of 1st period - Wrist shot by Connor Ford.
6:42 of 1st period - Shot Misses the Net.
6:44 of 1st period - Wrist shot by Jake Lucchini.
6:44 of 1st period - Shot Misses the Net.
6:46 of 1st period - Slapshot by Brogan Rafferty.
6:46 of 1st period - Stopped by Filip Lindberg with a rebound.
6:48 of 1st period - Wrist shot by Jake Lucchini.
6:48 of 1st period - Stopped by Filip Lindberg without a rebound.
6:49 of 1st period - Juuso Parssinen wins face-off versus Gabriel Dumont in Comets zone.
6:54 of 1st period - Slapshot by Juuso Parssinen.
6:54 of 1st period - Stopped by Michael Hutchinson without a rebound.
6:55 of 1st period - Gabriel Dumont wins face-off versus Juuso Parssinen in Canucks zone.
7:47 of 1st period - Paul LaDue is hit by Fabian Lysell and loses puck.
8:00 of 1st period - Juuso Parssinen is hit by John Stevens and loses puck.
9:15 of 1st period - Icing by John Stevens.
9:16 of 1st period - Gabriel Dumont wins face-off versus Brady Lyle in Canucks zone.
12:10 of 1st period - Brock Faber is hit by Will Cuylle.
13:26 of 1st period - Icing by Juuso Parssinen.
13:27 of 1st period - Connor McMichael wins face-off versus Brogan Rafferty in Comets zone.
13:49 of 1st period - Slapshot by Will Lockwood.
13:49 of 1st period - Stopped by Filip Lindberg with a rebound.
15:18 of 1st period - Minor Penalty to Filip Kral for Hooking.
15:19 of 1st period - Juuso Parssinen wins face-off versus Gabriel Dumont in Comets zone.
15:24 of 1st period - Mark Pysyk is hit by Connor McMichael and loses puck.
15:29 of 1st period - Wrist shot by Connor McMichael.
15:29 of 1st period - Stopped by Michael Hutchinson without a rebound.
15:30 of 1st period - Gabriel Dumont wins face-off versus Connor McMichael in Canucks zone.
15:55 of 1st period - Backhand shot by Olle Lycksell.
15:55 of 1st period - Shot Misses the Net.
15:57 of 1st period - Slapshot by Dakota Mermis.
15:57 of 1st period - Shot Blocked by Calen Addison.
15:59 of 1st period - Slapshot by Dylan McIlrath.
15:59 of 1st period - Stopped by Filip Lindberg with a rebound.
16:01 of 1st period - Wrist shot by Will Cuylle.
16:01 of 1st period - Shot Blocked by Calen Addison.
16:19 of 1st period - Wrist shot by Jake Neighbours.
16:19 of 1st period - Shot Misses the Net.
16:21 of 1st period - Wrist shot by Ben Jones.
16:21 of 1st period - Goal by Ben Jones - Comets : 1 - Canucks : 1.
16:22 of 1st period - Gabriel Dumont wins face-off versus Jake Neighbours in neutral zone.
16:27 of 1st period - Snap shot by Anton Blidh.
16:27 of 1st period - Deflect By Gabriel Dumont.
16:27 of 1st period - Goal by Gabriel Dumont - Comets : 1 - Canucks : 2.
16:28 of 1st period - Turner Elson wins face-off versus Connor McMichael in neutral zone.
16:41 of 1st period - Snap shot by Juuso Parssinen.
16:41 of 1st period - Stopped by Michael Hutchinson without a rebound.
16:42 of 1st period - Connor McMichael wins face-off versus Gabriel Dumont in Canucks zone.
16:45 of 1st period - Backhand shot by Connor McMichael.
16:45 of 1st period - Stopped by Michael Hutchinson with a rebound.
16:47 of 1st period - Slapshot by Marian Studenic.
16:47 of 1st period - Stopped by Michael Hutchinson without a rebound.
16:48 of 1st period - Gabriel Dumont wins face-off versus Connor McMichael in Canucks zone.
16:58 of 1st period - Off-side.
16:59 of 1st period - Connor McMichael wins face-off versus Gabriel Dumont in neutral zone.
17:04 of 1st period - Mark Pysyk is hit by Juuso Parssinen and loses puck.
17:40 of 1st period - Wrist shot by Marian Studenic.
17:40 of 1st period - Shot Misses the Net.
17:42 of 1st period - Wrist shot by Marian Studenic.
17:42 of 1st period - Shot Misses the Net.
18:18 of 1st period - Wrist shot by Connor McMichael.
18:18 of 1st period - Stopped by Michael Hutchinson with a rebound.
18:20 of 1st period - Slapshot by Calen Addison.
18:20 of 1st period - Shot Hit the Post.
18:22 of 1st period - Snap shot by Connor McMichael.
18:22 of 1st period - Stopped by Michael Hutchinson with a rebound.
18:34 of 1st period - Wrist shot by Marian Studenic.
18:34 of 1st period - Stopped by Michael Hutchinson with a rebound.
18:36 of 1st period - Snap shot by Juuso Parssinen.
18:36 of 1st period - Stopped by Michael Hutchinson with a rebound.
18:38 of 1st period - Snap shot by Marian Studenic.
18:38 of 1st period - Stopped by Michael Hutchinson without a rebound.
18:39 of 1st period - Gabriel Dumont wins face-off versus Ben Jones in Canucks zone.
18:55 of 1st period - Snap shot by Turner Elson.
18:55 of 1st period - Shot Misses the Net.
19:02 of 1st period - Icing by Filip Kral.
19:03 of 1st period - John Stevens wins face-off versus Ben Jones in Comets zone.
19:14 of 1st period - Slapshot by Will Cuylle.
19:14 of 1st period - Shot Misses the Net.
19:20 of 1st period - Snap shot by Adam Beckman.
19:20 of 1st period - Shot Misses the Net.
19:22 of 1st period - Snap shot by Ben Jones.
19:22 of 1st period - Stopped by Michael Hutchinson with a rebound.
19:24 of 1st period - Slapshot by Filip Kral.
19:24 of 1st period - Shot Misses the Net.
19:26 of 1st period - Snap shot by Samuel Fagemo.
19:26 of 1st period - Shot Misses the Net.
19:28 of 1st period - Slapshot by Leon Gawanke.
19:28 of 1st period - Deflect By Olle Lycksell.
19:28 of 1st period - Stopped by Michael Hutchinson with a rebound.
19:30 of 1st period - Slapshot by Leon Gawanke.
19:30 of 1st period - Deflect By Ben Jones.
19:30 of 1st period - Stopped by Michael Hutchinson with a rebound.
19:32 of 1st period - Slapshot by Leon Gawanke.
19:32 of 1st period - Stopped by Michael Hutchinson with a rebound.
19:34 of 1st period - Snap shot by Ben Jones.
19:34 of 1st period - Shot Misses the Net.
19:39 of 1st period - Minor Penalty to John Stevens for Hooking.
19:40 of 1st period - Connor McMichael wins face-off versus Gabriel Dumont in Canucks zone.
19:59 of 1st period - Icing by Filip Kral.
Goals for this period are 1 for Comets vs 2 for Canucks.
Shots for this period are 19 for Comets vs 11 for Canucks.

2nd period


0:01 of 2nd period - Gabriel Dumont wins face-off versus Jake Neighbours in neutral zone.
0:04 of 2nd period - Wrist shot by Turner Elson.
0:04 of 2nd period - Shot Misses the Net.
1:23 of 2nd period - Leon Gawanke is hit by Dylan McIlrath and loses puck.
1:39 of 2nd period - Penalty to John Stevens is over, John Stevens is back on ice.
1:40 of 2nd period - Jake Neighbours is hit by Connor Ford and loses puck.
1:57 of 2nd period - Snap shot by Will Cuylle.
1:57 of 2nd period - Shot Blocked by Zayde Wisdom.
1:59 of 2nd period - Slapshot by John Stevens.
1:59 of 2nd period - Shot Misses the Net.
2:01 of 2nd period - Backhand shot by Will Cuylle.
2:01 of 2nd period - Stopped by Filip Lindberg without a rebound.
2:02 of 2nd period - Olle Lycksell wins face-off versus Samuel Fagemo in Comets zone.
2:21 of 2nd period - Wrist shot by Gabriel Dumont.
2:21 of 2nd period - Shot Misses the Net.
2:37 of 2nd period - Snap shot by Will Lockwood.
2:37 of 2nd period - Stopped by Filip Lindberg without a rebound.
2:38 of 2nd period - Connor Ford wins face-off versus Connor McMichael in Comets zone.
3:23 of 2nd period - Mark Pysyk is hit by Connor McMichael and loses puck.
3:42 of 2nd period - Snap shot by Mark Pysyk.
3:42 of 2nd period - Stopped by Filip Lindberg without a rebound.
3:43 of 2nd period - John Stevens wins face-off versus Ben Jones in Comets zone.
3:44 of 2nd period - Slapshot by Will Cuylle.
3:44 of 2nd period - Stopped by Filip Lindberg with a rebound.
3:57 of 2nd period - Will Cuylle is hit by Jake Neighbours and loses puck.
4:12 of 2nd period - Snap shot by Turner Elson.
4:12 of 2nd period - Shot Misses the Net.
4:14 of 2nd period - Backhand shot by Anton Blidh.
4:14 of 2nd period - Shot Blocked by Brock Faber.
4:16 of 2nd period - Slapshot by Olivier Galipeau.
4:16 of 2nd period - Stopped by Filip Lindberg without a rebound.
4:17 of 2nd period - Juuso Parssinen wins face-off versus Gabriel Dumont in Comets zone.
4:25 of 2nd period - Icing by Leon Gawanke.
4:26 of 2nd period - Gabriel Dumont wins face-off versus Juuso Parssinen in Comets zone.
4:47 of 2nd period - Jake Neighbours is hit by Gabriel Dumont and loses puck.
5:08 of 2nd period - Snap shot by Anton Blidh.
5:08 of 2nd period - Stopped by Filip Lindberg with a rebound.
5:10 of 2nd period - Snap shot by Gabriel Dumont.
5:10 of 2nd period - Stopped by Filip Lindberg with a rebound.
5:12 of 2nd period - Wrist shot by Turner Elson.
5:12 of 2nd period - Shot Blocked by Leon Gawanke.
5:14 of 2nd period - Snap shot by Anton Blidh.
5:14 of 2nd period - Deflect By Gabriel Dumont.
5:14 of 2nd period - Shot Blocked by Juuso Parssinen.
5:14 of 2nd period - Puck is out of play.
5:15 of 2nd period - John Stevens wins face-off versus Marian Studenic in Comets zone.
6:35 of 2nd period - Snap shot by Will Cuylle.
6:35 of 2nd period - Shot Misses the Net.
6:41 of 2nd period - Jake Neighbours is hit by Will Cuylle and loses puck.
7:06 of 2nd period - Minor Penalty to Leon Gawanke for Roughing.
7:07 of 2nd period - Gabriel Dumont wins face-off versus Connor McMichael in Comets zone.
7:10 of 2nd period - Snap shot by Gabriel Dumont.
7:10 of 2nd period - Shot Blocked by Filip Kral.
7:10 of 2nd period - Filip Kral from Comets is injured at 7:10 of 2nd period (Broken Bone (Left Ankle)).
7:11 of 2nd period - Juuso Parssinen wins face-off versus Gabriel Dumont in Comets zone.
7:20 of 2nd period - Wrist shot by Anton Blidh.
7:20 of 2nd period - Shot Misses the Net.
7:22 of 2nd period - Slapshot by Anton Blidh.
7:22 of 2nd period - Goal by Anton Blidh - Comets : 1 - Canucks : 3.
7:23 of 2nd period - Connor McMichael wins face-off versus Gabriel Dumont in neutral zone.
7:32 of 2nd period - Snap shot by Marian Studenic.
7:32 of 2nd period - Stopped by Michael Hutchinson without a rebound.
7:33 of 2nd period - Gabriel Dumont wins face-off versus Connor McMichael in Canucks zone.
7:41 of 2nd period - Marian Studenic beats up Anton Blidh.
7:41 of 2nd period - Penalty to Anton Blidh for Fighting.
7:41 of 2nd period - Penalty to Marian Studenic for Fighting.
7:42 of 2nd period - Turner Elson wins face-off versus Connor McMichael in neutral zone.
7:47 of 2nd period - Snap shot by Max Willman.
7:47 of 2nd period - Stopped by Filip Lindberg with a rebound.
7:53 of 2nd period - Slapshot by Turner Elson.
7:53 of 2nd period - Shot Misses the Net.
7:55 of 2nd period - Slapshot by Mark Pysyk.
7:55 of 2nd period - Stopped by Filip Lindberg with a rebound.
7:57 of 2nd period - Slapshot by Brogan Rafferty.
7:57 of 2nd period - Shot Blocked by Juuso Parssinen.
8:19 of 2nd period - Slapshot by Jake Lucchini.
8:19 of 2nd period - Stopped by Filip Lindberg with a rebound.
8:21 of 2nd period - Slapshot by Jake Lucchini.
8:21 of 2nd period - Shot Blocked by Connor McMichael.
8:23 of 2nd period - Backhand shot by Will Lockwood.
8:23 of 2nd period - Stopped by Filip Lindberg without a rebound.
8:24 of 2nd period - Gabriel Dumont wins face-off versus Juuso Parssinen in Comets zone.
8:41 of 2nd period - Snap shot by Ben Jones.
8:41 of 2nd period - Stopped by Michael Hutchinson without a rebound.
8:42 of 2nd period - Connor McMichael wins face-off versus Will Cuylle in Canucks zone.
8:53 of 2nd period - Snap shot by Max Willman.
8:53 of 2nd period - Shot Blocked by Calen Addison.
9:28 of 2nd period - Wrist shot by Jake Lucchini.
9:28 of 2nd period - Shot Misses the Net.
9:30 of 2nd period - Slapshot by Will Lockwood.
9:30 of 2nd period - Stopped by Filip Lindberg without a rebound.
9:31 of 2nd period - Gabriel Dumont wins face-off versus Connor McMichael in Comets zone.
9:32 of 2nd period - Wrist shot by Turner Elson.
9:32 of 2nd period - Shot Misses the Net.
9:34 of 2nd period - Slapshot by Paul LaDue.
9:34 of 2nd period - Stopped by Filip Lindberg with a rebound.
9:36 of 2nd period - Snap shot by Turner Elson.
9:36 of 2nd period - Shot Misses the Net.
9:38 of 2nd period - Snap shot by Gabriel Dumont.
9:38 of 2nd period - Stopped by Filip Lindberg with a rebound.
9:40 of 2nd period - Slapshot by Olivier Galipeau.
9:40 of 2nd period - Stopped by Filip Lindberg with a rebound.
10:12 of 2nd period - Jake Lucchini is hit by Adam Beckman and loses puck.
10:23 of 2nd period - Slapshot by Gabriel Dumont.
10:23 of 2nd period - Shot Misses the Net.
11:30 of 2nd period - Will Cuylle is hit by Fabian Lysell and loses puck.
11:34 of 2nd period - Icing by Mark Pysyk.
11:35 of 2nd period - Zayde Wisdom wins face-off versus John Stevens in Canucks zone.
12:12 of 2nd period - Snap shot by Olle Lycksell.
12:12 of 2nd period - Shot Blocked by Connor McMichael.
12:14 of 2nd period - Snap shot by Olle Lycksell.
12:14 of 2nd period - Goal by Olle Lycksell - Comets : 1 - Canucks : 4.
12:15 of 2nd period - Gabriel Dumont wins face-off versus Juuso Parssinen in neutral zone.
13:37 of 2nd period - Will Lockwood is hit by Ben Jones and loses puck.
13:46 of 2nd period - Ben Jones is hit by Connor Ford and loses puck.
14:31 of 2nd period - Snap shot by Gabriel Dumont.
14:31 of 2nd period - Deflect By Anton Blidh.
14:31 of 2nd period - Shot Misses the Net.
14:31 of 2nd period - Puck is out of play.
14:32 of 2nd period - Ben Jones wins face-off versus Gabriel Dumont in Comets zone.
14:49 of 2nd period - Turner Elson is hit by Brady Lyle and loses puck.
14:53 of 2nd period - Icing by Brenden Miller.
14:54 of 2nd period - Gabriel Dumont wins face-off versus Juuso Parssinen in Canucks zone.
15:17 of 2nd period - Snap shot by Gabriel Dumont.
15:17 of 2nd period - Deflect By Anton Blidh.
15:17 of 2nd period - Shot Blocked by Calen Addison.
15:17 of 2nd period - Puck is out of play.
15:18 of 2nd period - John Stevens wins face-off versus Connor McMichael in Comets zone.
15:27 of 2nd period - Icing by Connor McMichael.
15:28 of 2nd period - Connor McMichael wins face-off versus John Stevens in Comets zone.
15:35 of 2nd period - Slapshot by Connor McMichael.
15:35 of 2nd period - Stopped by Michael Hutchinson with a rebound.
15:37 of 2nd period - Slapshot by Brock Faber.
15:37 of 2nd period - Stopped by Michael Hutchinson with a rebound.
15:39 of 2nd period - Snap shot by Marian Studenic.
15:39 of 2nd period - Stopped by Michael Hutchinson without a rebound.
15:40 of 2nd period - Gabriel Dumont wins face-off versus Juuso Parssinen in Canucks zone.
15:45 of 2nd period - Juuso Parssinen is hit by Mark Pysyk and loses puck.
18:34 of 2nd period - Gabriel Dumont is hit by Adam Beckman and loses puck.
19:00 of 2nd period - Off-side.
19:01 of 2nd period - Connor Ford wins face-off versus Juuso Parssinen in neutral zone.
19:06 of 2nd period - Snap shot by Will Lockwood.
19:06 of 2nd period - Shot Misses the Net.
19:26 of 2nd period - Zayde Wisdom is hit by Will Cuylle and loses puck.
Goals for this period are 0 for Comets vs 2 for Canucks.
Shots for this period are 5 for Comets vs 17 for Canucks.

3rd period


0:01 of 3rd period - Gabriel Dumont wins face-off versus Juuso Parssinen in neutral zone.
0:08 of 3rd period - Slapshot by Turner Elson.
0:08 of 3rd period - Shot Blocked by Connor McMichael.
0:14 of 3rd period - Slapshot by Brock Faber.
0:14 of 3rd period - Stopped by Michael Hutchinson with a rebound.
0:16 of 3rd period - Wrist shot by Juuso Parssinen.
0:16 of 3rd period - Shot Misses the Net.
0:55 of 3rd period - Snap shot by Gabriel Dumont.
0:55 of 3rd period - Stopped by Filip Lindberg with a rebound.
1:10 of 3rd period - Off-side.
1:11 of 3rd period - Connor Ford wins face-off versus Ben Jones in neutral zone.
1:20 of 3rd period - Slapshot by Will Lockwood.
1:20 of 3rd period - Stopped by Filip Lindberg with a rebound.
1:22 of 3rd period - Snap shot by Will Lockwood.
1:22 of 3rd period - Shot Hit the Post.
1:24 of 3rd period - Snap shot by Will Lockwood.
1:24 of 3rd period - Shot Misses the Net.
1:46 of 3rd period - Slapshot by Dylan McIlrath.
1:46 of 3rd period - Stopped by Filip Lindberg with a rebound.
2:04 of 3rd period - Juuso Parssinen is hit by Olivier Galipeau and loses puck.
3:18 of 3rd period - Snap shot by Fabian Lysell.
3:18 of 3rd period - Shot Misses the Net.
3:20 of 3rd period - Snap shot by Zayde Wisdom.
3:20 of 3rd period - Stopped by Michael Hutchinson without a rebound.
3:21 of 3rd period - Zayde Wisdom wins face-off versus John Stevens in Canucks zone.
3:40 of 3rd period - Fabian Lysell is hit by Olivier Galipeau.
3:54 of 3rd period - Snap shot by Turner Elson.
3:54 of 3rd period - Stopped by Filip Lindberg with a rebound.
4:18 of 3rd period - Fabian Lysell is hit by Jake Lucchini and loses puck.
4:31 of 3rd period - Wrist shot by Marian Studenic.
4:31 of 3rd period - Shot Misses the Net.
4:37 of 3rd period - Snap shot by Juuso Parssinen.
4:37 of 3rd period - Stopped by Michael Hutchinson with a rebound.
4:59 of 3rd period - Minor Penalty to Anton Blidh for Hooking.
5:00 of 3rd period - Connor McMichael wins face-off versus Gabriel Dumont in Canucks zone.
6:59 of 3rd period - Penalty to Anton Blidh is over, Anton Blidh is back on ice.
8:13 of 3rd period - Olle Lycksell is hit by Juuso Parssinen and loses puck.
8:17 of 3rd period - Icing by Dylan McIlrath.
8:18 of 3rd period - Ben Jones wins face-off versus John Stevens in Canucks zone.
12:01 of 3rd period - Gabriel Dumont is hit by Brock Faber and loses puck.
13:41 of 3rd period - Will Lockwood is hit by Connor McMichael.
15:40 of 3rd period - Icing by Will Cuylle.
15:41 of 3rd period - Gabriel Dumont wins face-off versus Ben Jones in Canucks zone.
18:02 of 3rd period - Zayde Wisdom is hit by Paul LaDue and loses puck.
Goals for this period are 0 for Comets vs 0 for Canucks.
Shots for this period are 3 for Comets vs 4 for Canucks.